 Dungeon Crawl Stone Soup version 0.14-a0-586-g2535b90 (webtiles) character file.

1678 PolkaDot the Ruinous (level 8, -2/50 HPs)
             Began as a Vampire Wizard on Nov 3, 2013.
             Was a Believer of Sif Muna.
             Slain by Joseph
             ... wielding a +0,+0 quarterstaff
              (18 damage)
             ... on Level 7 of the Dungeon.
             The game lasted 00:31:27 (7058 turns).

PolkaDot the Ruinous (Vampire Wizard)               Turns: 7058, Time: 00:31:28

HP  -2/50        AC  4     Str  6      XL: 8   Next: 53%
MP  11/19        EV 12     Int 22      God: Sif Muna [**....]
Gold 162         SH  0     Dex 12      Spells:  6 memorised,  0 levels left

Res.Fire  : . . .   See Invis. : +   h - +1 short sword
Res.Cold  : + + .   Warding    : .   m - +1 robe {rN+}
Life Prot.: + + +   Conserve   : .   (no shield)
Res.Poison: +       Res.Corr.  : .   b - +0 wizard hat
Res.Elec. : .       Clarity    : .   (no cloak)
Sust.Abil.: . .     Spirit.Shd : .   d - +0 pair of gloves
Res.Mut.  : .       Stasis     : .   (no boots)
Res.Rott. : +       Flight     : .   (no amulet)
Saprovore : . . .                    (no ring)
                                     u - ring of teleport control

@: regenerating slowly, somewhat resistant to hostile enchantments, stealthy
A: bottle blood, fangs 3, see invisible, unbreathing
a: Bat Form, Bottle Blood, Channel Energy, Forget Spell, Renounce Religion,
Evoke Teleport Control


You were on level 7 of the Dungeon.
You worshipped Sif Muna.
Sif Muna was pleased with you.
You were near bloodless.

You visited 1 branch of the dungeon, and saw 7 of its levels.

You collected 162 gold pieces.

Inventory:

Hand weapons
 h - a +1,+1 short sword (weapon)
 i - a +1,+0 elven spear
Armour
 b - a +0 wizard hat (worn)
 d - a +0 pair of gloves (worn)
 m - a +1 robe of positive energy (worn)
Magical devices
 o - a wand of slowing (10)
Scrolls
 a - 2 scrolls of magic mapping
 f - a scroll of blinking {unknown}
 j - 3 scrolls of curse jewellery {unknown}
 k - a scroll of noise {unknown}
 l - 5 scrolls of identify {unknown}
 n - 2 scrolls of teleportation {unknown}
 p - 4 scrolls of remove curse {unknown}
 r - 3 scrolls of fear {unknown}
 t - 3 scrolls of curse weapon {unknown}
 w - 4 scrolls of recharging {unknown}
 x - 2 scrolls of fog {unknown}
 y - a scroll of enchant weapon II {unknown}
Jewellery
 u - a ring of teleport control (left hand)
Potions
 e - 2 potions of flight {unknown}
 q - a potion of restore abilities {unknown}
 v - a potion of might {unknown}
 z - a potion of resistance {unknown}
Books
 c - a book of Minor Magic

   Spells                             Type                      Level
   *Magic Dart                        Conjuration                  1
   *Blink                             Translocation                2
   Call Imp                           Summoning                    2
   *Repel Missiles                    Charms/Air                   2
   Slow                               Hexes                        2
   *Conjure Flame                     Conjuration/Fire             3
   *Mephitic Cloud                    Conjuration/Poison/Air       3
 s - a book of the Dragon

   Spells                             Type                      Level
   *Flight                            Charms/Air                   3
   Cause Fear                         Hexes                        4
   Bolt of Fire                       Conjuration/Fire             6
   Dragon Form                        Transmutation                7
   Summon Dragon                      Summoning                    9


   Skills:
 - Level 2.1 Dodging
 - Level 3.0 Stealth
 - Level 3.5 Spellcasting
 - Level 7.0 Conjurations
 + Level 2.5 Charms
   Level 1.0 Summonings
 * Level 2.7 Translocations
 + Level 2.4 Air Magic


You couldn't memorise any spells.
You knew the following spells:

 Your Spells              Type           Power        Failure   Level  Hunger
a - Magic Dart            Conj           ####         1%          1    None
d - Mephitic Cloud        Conj/Pois/Air  ###.....     12%         3    ###....
e - Flight                Chrm/Air       ##........   14%         3    ###....
q - Blink                 Tloc           N/A          8%          2    #......
s - Conjure Flame         Conj/Fire      ###.....     12%         3    ###....
w - Repel Missiles        Chrm/Air       ##........   10%         2    #......


Dungeon Overview and Level Annotations

Branches:
Dungeon (7/27)
 Temple: D:4-7          Orc: D:6-11

Altars:
Cheibriados
Makhleb
Okawaru
Sif Muna
Zin
the Shining One
Jiyva

Annotations:
D:7 Joseph


Innate Abilities, Weirdness & Mutations

You heal slowly.
You can bottle blood from corpses.
You have razor-sharp teeth.*
You have supernaturally acute eyesight.
You can survive without breathing.*


Message History

You feel much better.
Joseph is engulfed in roaring flames.
Joseph hits you with an uncursed quarterstaff!
Drink which item? (? for menu, Esc to quit)
Okay, then.
Casting: Conjure Flame
Confirm with . or Enter, or press ? or * to list all spells.
Aiming: Magic Dart
Press: ? - help, Shift-Dir - straight line, f - Joseph
Aim: Joseph, wielding a quarterstaff and wearing a ring mail (flame, heavily wounded)
Okay, then.
Casting: Magic Dart
Confirm with . or Enter, or press ? or * to list all spells.
Aiming: Magic Dart
Press: ? - help, Shift-Dir - straight line, f - Joseph
Aim: Joseph, wielding a quarterstaff and wearing a ring mail (flame, heavily wounded)
The magic dart hits Joseph.
Joseph is heavily wounded.
Joseph is engulfed in roaring flames.
Joseph hits you with an uncursed quarterstaff!
You die...

..................>........#
..................#.........#
............................#
............................#
.............................#
...###......#.....#.........#
#......................#
#......####.##.###.##..#
#...%...(@@ยงยง.......#..#
#......####.##<##...#..#
#......####.##.##...#..#
###.......#(##.##...#..#
######.......#.##.##...#..#
.............#.##.##...#..#
..................##...#.
.>.....................
.....###.........#######


You could see Joseph.

Vanquished Creatures
  A hungry ghost (D:7)
  Eustachio (D:5)
  A hill giant zombie (D:7)
  A sky beast (D:6)
  2 ice beasts (D:5)
  A phantom (D:6)
  A giant frog (D:7)
  Blork the orc (D:5)
  3 crimson imps (D:5)
  3 hounds (D:4)
  2 jellies (D:5)
  2 scorpions
  2 worker ants
  An orc wizard (D:5)
  Jessica (D:2)
  An ogre zombie (D:5)
  7 adders
  A worm zombie (D:4)
  A giant mite (D:6)
  3 worms
  A giant eyeball (D:7)
  5 oozes
  12 orcs
  A ball python (D:3)
  10 bats
  8 giant cockroaches
  A gnoll zombie (D:5)
  11 goblins
  9 hobgoblins
  9 jackals
  11 kobolds
  A quokka (D:4)
  2 ball python skeletons
  2 giant geckos
  4 giant newts
  A jackal skeleton (D:5)
  An orc zombie (D:5)
  A quokka skeleton (D:4)
  8 rats
  A rat skeleton (D:4)
135 creatures vanquished.

Notes
Turn   | Place    | Note
--------------------------------------------------------------
     0 | D:1      | PolkaDot, the Vampire Wizard, began the quest for the Orb.
     0 | D:1      | Reached XP level 1. HP: 11/11 MP: 6/6
   168 | D:1      | Reached skill level 1 in Conjurations
   242 | D:1      | Reached XP level 2. HP: 17/17 MP: 1/8
   728 | D:1      | Reached XP level 3. HP: 11/22 MP: 1/10
  1242 | D:2      | Noticed Jessica
  1246 | D:2      | Reached XP level 4. HP: 28/28 MP: 8/12
  1255 | D:2      | Killed Jessica
  1446 | D:2      | Learned a level 3 spell: Conjure Flame
  1450 | D:2      | Learned a level 3 spell: Mephitic Cloud
  1552 | D:2      | Found a burning altar of Makhleb.
  1974 | D:3      | Found a snail-covered altar of Cheibriados.
  2028 | D:3      | Found an iron altar of Okawaru.
  2652 | D:4      | Reached XP level 5. HP: 16/33 MP: 9/13
  2886 | D:4      | Reached skill level 4 in Conjurations
  3300 | D:4      | Reached XP level 6. HP: 36/39 MP: 6/15
  3532 | D:4      | Found a viscous altar of Jiyva.
  3679 | D:5      | Entered Level 5 of the Dungeon
  4065 | D:5      | Reached skill level 5 in Conjurations
  4131 | D:6      | Found a glowing golden altar of the Shining One.
  4180 | D:6      | Found a burning altar of Makhleb.
  4182 | D:6      | Noticed a green death
  4183 | D:6      | Found a glowing silver altar of Zin.
  4184 | D:6      | Noticed an angel
  4314 | D:6      | Found a deep blue altar of Sif Muna.
  4318 | D:6      | Became a worshipper of Sif Muna the Loreminder
  4443 | D:5      | Noticed Eustachio
  4451 | D:5      | Noticed Blork the orc
  4609 | D:5      | Killed Eustachio
  4609 | D:5      | Reached XP level 7. HP: 38/44 MP: 5/17
  4759 | D:5      | Killed Blork the orc
  4759 | D:5      | Acquired Sif Muna's first power
  4759 | D:5      | Reached skill level 6 in Conjurations
  5528 | D:5      | Reached skill level 7 in Conjurations
  5622 | D:5      | Learned a level 2 spell: Repel Missiles
  5626 | D:5      | Learned a level 3 spell: Flight
  6059 | D:6      | HP: 2/44 [phantom (6)]
  6064 | D:6      | Reached XP level 8. HP: 2/50 MP: 16/18
  6427 | D:6      | Reached skill level 1 in Charms
  6427 | D:6      | Reached skill level 1 in Air Magic
  6486 | D:6      | Learned a level 2 spell: Blink
  6546 | D:6      | Reached skill level 1 in Translocations
  6841 | D:7      | Paralysed by a giant eyeball for 2 turns
  6887 | D:7      | Acquired Sif Muna's second power
  7027 | D:7      | Noticed Joseph
  7058 | D:7      | Slain by Joseph

Action                   |  1- 3 |  4- 6 |  7- 9 || total
-------------------------+-------+-------+-------++-------
Melee: Unarmed           |     5 |       |       ||     5
       Short sword       |    10 |    60 |    15 ||    85
       Spear             |     2 |       |       ||     2
 Cast: Magic Dart        |    87 |   122 |   143 ||   352
       Conjure Flame     |       |    18 |    21 ||    39
       Mephitic Cloud    |       |     3 |     3 ||     6
Invok: Channel Energy    |       |       |    96 ||    96
  Use: Scroll            |       |     2 |       ||     2
       Potion            |       |       |     2 ||     2
 Stab: Sleeping          |     2 |     1 |       ||     3
       Confused          |       |     2 |       ||     2
